 Dungeon Crawl Stone Soup version 0.23.2-1-ga50397a (webtiles) character file.

Game seed: 558106849204562587

44 Iscandelvey the Vexing (level 3, 4/26 HPs)
             Began as a Demonspawn Arcane Marksman on Apr 17, 2019.
             Quit the game on level 2 of the Dungeon.
             The game lasted 00:00:43 (679 turns).

Iscandelvey the Vexing (Demonspawn Arcane Marksman)  Turns: 679, Time: 00:00:43

Health: 4/26       AC:  2    Str: 10    XL:     3   Next: 39%
Magic:  4/4        EV: 12    Int: 15    God:
Gold:   65         SH:  0    Dex: 13    Spells: 3/4 levels left

rFire    . . .     SeeInvis .   a - +0 hand crossbow
rCold    . . .     Gourm    .   (no shield)
rNeg     . . .     Faith    .   e - +0 robe
rPois    .         Spirit   .   (helmet restricted)
rElec    .         Reflect  .   (no cloak)
rCorr    .         Harm     .   (no gloves)
MR       .....                  (no boots)
Stlth    +.........             (no amulet)
HPRegen  0.08/turn              (no ring)
MPRegen  0.09/turn              (no ring)

@: no status effects
A: horns 1
a: no special abilities


You were on level 2 of the Dungeon.
You were not hungry.

You visited 1 branch of the dungeon, and saw 2 of its levels.

You collected 65 gold pieces.

Inventory:

Hand Weapons
 a - a +0 hand crossbow (weapon)
Armour
 e - a +0 robe (worn)
Scrolls
 b - a scroll of teleportation {unknown}
 h - a scroll of magic mapping {unknown}
 j - a scroll of fear {unknown}
 k - a scroll of identify {unknown}
Potions
 c - a potion of heal wounds {unknown}
 g - 2 potions of haste {unknown}
 i - a potion of lignification {unknown}
Comestibles
 f - 4 rations


   Skills:
 + Level 1.3 Fighting
 + Level 2.5 Crossbows
 + Level 1.7 Dodging
 + Level 1.0 Spellcasting
 + Level 3.8 Hexes


You had 3 spell levels left.
You knew the following spells:

 Your Spells              Type           Power        Failure   Level  Hunger
a - Corona                Hex            ##.....      5%          1    ##.....

Your spell library contained the following spells:

 Spells                   Type           Power        Failure   Level  Hunger
 Slow                     Hex            ##......     8%          2    ###....
 Inner Flame              Hex/Fire       #.......     34%         3    ####...
 Portal Projectile        Hex/Tloc       #.....       34%         3    ####...
 Cause Fear               Hex            ##........   45%         4    #####..
 Leda's Liquefaction      Hex/Erth       #.........   75%         4    #####..


Dungeon Overview and Level Annotations

Branches:
Dungeon (2/15)

Altars:
Hepliaklqana


Innate Abilities, Weirdness & Mutations

You have a pair of small horns on your head.


Message History

* * * LOW HITPOINT WARNING * * *
Firing (i - inventory)
d - a bolt (quivered)
Press: ? - help, Shift-Dir - straight line, f/p - worm
Aim: a worm (severely wounded)
You shoot a bolt. The bolt barely misses the worm.
The worm misses you.
Firing (i - inventory) No suitable missiles.
Press: ? - help, Shift-Dir - straight line, f/p - worm
Aim: a worm (severely wounded)
Okay, then.
Firing (i - inventory) No suitable missiles.
Press: ? - help, Shift-Dir - straight line, f/p - worm
Aim: a worm (severely wounded)
Okay, then.
Firing (i - inventory) No suitable missiles.
Press: ? - help, Shift-Dir - straight line, f/p - worm
Aim: a worm (severely wounded)
Okay, then.
Sorry, you're not good enough to have a special ability.
Unknown command.
Are you sure you want to abandon this character and quit the game? (Confirm with "yes".)

############
#..........#
#..........#
#..........#
####.).....>..#
###@............#
#...##..........#
###.####.......[..#
#.w.# #..........#
##.### #..........#
#._# ###[########
#((.# #####..##
#((### #.......#
..$# #.......#


You could see a worm.

Vanquished Creatures
  An adder (D:2)
  An ooze (D:2)
  4 leopard geckos
  2 ball pythons (D:1)
  3 giant cockroaches
  6 goblins
  4 hobgoblins
  A bat (D:1)
  A rat (D:1)
23 creatures vanquished.

Notes
Turn   | Place    | Note
-------+----------+-------------------------------------------
     0 | D:1      | Iscandelvey the Demonspawn Arcane Marksman began the quest
                  | for the Orb.
     0 | D:1      | Reached XP level 1. HP: 15/15 MP: 2/2
     7 | D:1      | Noticed a komodo dragon
     7 | D:1      | Noticed a swamp worm
     7 | D:1      | Noticed a salamander
     7 | D:1      | Noticed a hound
     7 | D:1      | Noticed a four-headed hydra
    83 | D:1      | Gained mutation: You have a pair of small horns on your
                  | head. [demonic ancestry]
    83 | D:1      | Reached XP level 2. HP: 21/21 MP: 3/3
   615 | D:2      | Reached XP level 3. HP: 24/26 MP: 4/4
   652 | D:2      | Found a hazy altar of Hepliaklqana.
   679 | D:2      | Quit the game

Skill      XL: |  1  2 |
---------------+-------+-----
Crossbows      | 2 |  2.5
Fighting       | |  1.3
Dodging        | |  1.7
Spellcasting   | |  1.0
Hexes          | |  3.8

Action                   || total
-------------------------++-------
 Fire: Hand crossbow     ||    60
Armor: Robe              ||     4
Dodge: Dodged            ||    16
